 Dungeon Sprint DCSS version 0.21.2 (webtiles) character file.

518 Fang the Fighter (level 7, -8/52 HPs)
             Began as a Gargoyle Berserker on Sept 24, 2018.
             Was a High Priest of Trog.
             Mangled by a freezing wraith (17 damage)
             ... in the Dungeon (Sprint VII: "The Pits").
             The game lasted 00:02:00 (835 turns).

Fang the Fighter (Gargoyle Berserker)                Turns: 835, Time: 00:02:00

Health: -8/52      AC: 17    Str: 22    XL:     7   Next: 21%
Magic:  7/7        EV:  9    Int:  8    God:    Trog [*****.]
Gold:   0          SH:  0    Dex:  9    Spells: 6/6 levels left

rFire    . . .     SeeInvis .   m - +4 hand axe (freeze)
rCold    . . .     Gourm    .   (no shield)
rNeg     + . .     Faith    .   n - +3 chain mail
rPois    ∞         Spirit   .   (no helmet)
rElec    +         Reflect  .   (no cloak)
rCorr    .         Harm     .   (no gloves)
MR       .....     NoTele   +   (no boots)
Stlth    ..........             (no amulet)
HPRegen  0.17/turn              (no ring)
MPRegen  0.10/turn              (no ring)

@: hasted, very quick
A: negative energy resistance 1, electricity resistance, unbreathing,
petrification resistance, rot immunity, AC +4
a: Berserk, Trog's Hand, Brothers in Arms, Burn Spellbooks, Renounce Religion


You were in the Dungeon.
You worshipped Trog.
Trog was extremely pleased with you.
You were near starving.

You visited 1 branch

Inventory:

Hand Weapons
 j - a +2 hand axe
 m - a +4 hand axe of freezing (weapon)
Armour
 n - a +3 chain mail (worn)
Scrolls
 i - a scroll of blinking
 k - 3 scrolls of remove curse
 l - a scroll of summoning
Potions
 a - 2 potions of invisibility
 d - 6 potions of curing
 e - 5 potions of heal wounds
 g - 4 potions of magic
 h - 3 potions of berserk rage
Comestibles
 c - 9 rations


   Skills:
 + Level 10.1 Fighting
 + Level 9.4 Axes
 + Level 5.7 Armour
 + Level 4.5 Dodging


You had 6 spell levels left.
You didn't know any spells.

Dungeon Overview and Level Annotations

Branches:
Dungeon (1/1)

Altars:
Cheibriados
Dithmenos
Elyvilon
Fedhas
Gozag
Hepliaklqana
Makhleb
Nemelex Xobeh
Okawaru
Qazlal
Ru
Sif Muna
Trog
Vehumet
Wu Jian
Xom
Yredelemnul
Zin
The Shining One
Beogh
Jiyva
Lugonu


Innate Abilities, Weirdness & Mutations

You are resistant to torment.
Your stone body is resilient. (AC +4)
You are immune to poison.
You resist negative energy. (rN+)
You are resistant to electric shocks. (rElec)
You can survive without breathing.
You are immune to petrification.
You are immune to rotting.


Message History

The freezing wraith hits you. The freezing wraith freezes you!!
The freezing wraith barely misses you.
You hit the freezing wraith.
The freezing wraith is lightly damaged.
The freezing wraith hits you. The freezing wraith freezes you!
* * * LOW HITPOINT WARNING * * *
The freezing wraith hits you but does no damage.
You are too injured to fight recklessly!
You are too injured to fight recklessly!
You are too injured to fight recklessly!
You are too injured to fight recklessly!
You are too injured to fight recklessly!
You are too injured to fight recklessly!
You are too injured to fight recklessly!
You are too injured to fight recklessly!
You are too injured to fight recklessly!
You feel yourself speed up. The freezing wraith hits you.
* * * LOW HITPOINT WARNING * * *
The freezing wraith freezes you!
You die...

#.#..[).)..##.......#
#'###########.......#
#.......# #########
#.......# #...#...#
#..###..#+#
#...#...#.+
#.......#W#
#.......'@#
###########


You could see a freezing wraith.

Vanquished Creatures
  A porcupine (D)
  A floating eye (D)
  2 ice beasts (D)
  A hound (D)
  Terence (D)
  2 worker ants (D)
  An adder (D)
  A river rat (D)
  An ufetubus (D)
  An orc (D)
  A bat (D)
  A giant cockroach (D)
  2 quokkas (D)
  A ball python skeleton (D)
17 creatures vanquished.

Notes
Turn   | Place    | Note
-------+----------+-------------------------------------------
     0 | D        | Fang the Gargoyle Berserker began the quest for the Orb.
     0 | D        | Reached XP level 1. HP: 14/14 MP: 1/1
    19 | D        | Found a bloodstained altar of Trog.
    19 | D        | Found a deep blue altar of Sif Muna.
    19 | D        | Found a viscous altar of Jiyva.
    19 | D        | Found a hazy altar of Hepliaklqana.
    19 | D        | Found an opulent altar of Gozag.
    20 | D        | Found a glowing golden altar of the Shining One.
    20 | D        | Found a glowing silver altar of Zin.
    20 | D        | Found a basalt altar of Yredelemnul.
    20 | D        | Found a shimmering altar of Xom.
    20 | D        | Found an ornate altar of the Wu Jian Council.
    20 | D        | Found a sacrificial altar of Ru.
    20 | D        | Found a stormy altar of Qazlal.
    20 | D        | Found an iron altar of Okawaru.
    20 | D        | Found a sparkling altar of Nemelex Xobeh.
    20 | D        | Found a burning altar of Makhleb.
    20 | D        | Found a blossoming altar of Fedhas.
    20 | D        | Found a white marble altar of Elyvilon.
    20 | D        | Found a shadowy altar of Dithmenos.
    20 | D        | Found a snail-covered altar of Cheibriados.
    22 | D        | Found a radiant altar of Vehumet.
    22 | D        | Found a corrupted altar of Lugonu.
    22 | D        | Found a roughly hewn altar of Beogh.
    66 | D        | Noticed a worker ant
    81 | D        | Reached ** piety under Trog
    81 | D        | Reached skill level 4 in Fighting
    81 | D        | Reached XP level 2. HP: 14/20 MP: 2/2
    83 | D        | Reached skill level 5 in Fighting
    83 | D        | Reached XP level 3. HP: 17/26 MP: 3/3
   348 | D        | Noticed an ice beast
   352 | D        | Reached *** piety under Trog
   359 | D        | Killed an ice beast
   359 | D        | Reached skill level 7 in Fighting
   359 | D        | Reached XP level 4. HP: 28/34 MP: 4/4
   359 | D        | Reached XP level 5. HP: 31/38 MP: 5/5
   571 | D        | Noticed Terence
   571 | D        | Noticed a porcupine
   574 | D        | Noticed a floating eye
   588 | D        | Reached **** piety under Trog
   591 | D        | Reached skill level 8 in Fighting
   597 | D        | Killed Terence
   597 | D        | Reached XP level 6. HP: 41/45 MP: 6/6
   609 | D        | Killed a porcupine
   609 | D        | Reached skill level 9 in Fighting
   609 | D        | Reached skill level 5 in Armour
   629 | D        | Paralysed by a floating eye for 3 turns
   634 | D        | Killed a floating eye
   634 | D        | Reached ***** piety under Trog
   634 | D        | Reached XP level 7. HP: 27/52 MP: 7/7
   796 | D        | Reached skill level 10 in Fighting
   826 | D        | Noticed a freezing wraith
   835 | D        | Mangled by a freezing wraith

Skill      XL: |  1  2  3  4  5  6  7 |
---------------+----------------------+-----
Axes           | 3 4 6 7 9 |  9.4
Fighting       | 4 5 7 8 9 10 | 10.1
Dodging        | 2 3 4 |  4.5
Armour         | 3 4 5 |  5.7

Action                   |  1- 3 |  4- 6 |  7- 9 || total
-------------------------+-------+-------+-------++-------
Melee: Hand axe          |    29 |    34 |    16 ||    79
Invok: Berserk           |     2 |     1 |       ||     3
  Use: Potion            |       |     1 |     1 ||     2
  Eat: Chunk             |       |     1 |       ||     1
Armor: Animal skin       |    10 |       |       ||    10
       Chain mail        |       |    19 |    12 ||    31
Dodge: Dodged            |    21 |    19 |     5 ||    45
